 Dungeon Crawl Stone Soup version 0.28.0-45-g0d030f2227 (webtiles) character file.

Game seed: 5748030962882927019

59 101zpm the Chiller (level 3, 0/19 HPs)
             Began as a Deep Elf Ice Elementalist on Apr 20, 2022.
             Succumbed to an adder's poison
             ... on level 3 of the Dungeon.
             The game lasted 00:02:35 (1688 turns).

101zpm the Chiller (Deep Elf Ice Elementalist)      Turns: 1688, Time: 00:02:36

Health: 0/19       AC:  2    Str:  5    XL:     3   Next: 78%
Magic:  7/10       EV: 12    Int: 21    God:
Gold:   99         SH:  0    Dex: 15    Spells: 9/10 levels left

rFire   . . .      SeeInvis .   h - +1 hand axe (freeze)
rCold   . . .      Faith    .   (no shield)
rNeg    . . .      Spirit   .   a - +0 robe
rPois   .          Reflect  .   (no helmet)
rElec   .          Harm     .   (no cloak)
rCorr   .          Rampage  .   (no gloves)
Will    .....                   (no boots)
Stlth   ++........              (no amulet)
HPRegen 0.06/turn               (no ring)
MPRegen 0.12/turn               (no ring)

@: lethally poisoned (0 -> -8)
A: no striking features
a: no special abilities


You were on level 3 of the Dungeon.
You visited 1 branch of the dungeon, and saw 3 of its levels.

You collected 99 gold pieces.

Inventory:

Hand Weapons
 g - a +0 war axe of flaming
 h - a +1 hand axe of freezing (weapon)
 i - a +0 short sword of electrocution
Armour
 a - a +0 robe (worn)
Scrolls
 b - 3 scrolls of identify {unknown}
 c - 2 scrolls of enchant weapon {unknown}
 d - a scroll of vulnerability {unknown}
Potions
 e - a potion of mutation {unknown}
 f - a potion of might {unknown}


   Skills:
 + Level 0.1 Fighting
 + Level 2.6 Dodging
 + Level 2.4 Stealth
 + Level 4.3 Spellcasting
 + Level 5.2 Ice Magic


You had 9 spell levels left.
You knew the following spells:

 Your Spells              Type           Power      Damage    Failure   Level
a - Freeze                Ice            100%       1d11      1%          1

Your spell library contained the following spells:

 Spells                   Type           Power      Damage    Failure   Level
 Frozen Ramparts          Ice            52%        1d7       4%          3
 Ozocubu's Armour         Ice            26%        N/A       4%          3
 Hailstorm                Conj/Ice       15%        3d5       36%         4


Dungeon Overview and Level Annotations

Branches:
Dungeon (3/15)

Altars:


Message History

You are poisoned.
The adder poisons you!
You hit the adder.
The adder seems to slow down.
You freeze the adder.
The adder is almost dead.
You feel sick. The adder bites you.
You are lethally poisoned!
The adder poisons you!
You are too injured to fight recklessly!
You are too injured to fight recklessly!
You are too injured to fight recklessly!
You are too injured to fight recklessly!
You are too injured to fight recklessly!
You are too injured to fight recklessly!
You are too injured to fight recklessly!
You are too injured to fight recklessly!
You are too injured to fight recklessly!
You are too injured to fight recklessly!
You are too injured to fight recklessly!
You are too injured to fight recklessly!
You are too injured to fight recklessly!
Aiming: Freeze (safe; 1% risk of failure)
Press: ? - help, Q - select action Shift-Dir - straight line, f - adder
Aim: an adder (almost dead, slow)
You freeze the adder.
You kill the adder!
* * * LOW HITPOINT WARNING * * *
You feel sick.
Aiming: Freeze (safe; 1% risk of failure)
Press: ? - help, Q - select action Shift-Dir - straight line, f - hobgoblin
Aim: a hobgoblin You freeze the hobgoblin.
The hobgoblin is severely wounded.
* * * LOW HITPOINT WARNING * * *
You feel sick. The hobgoblin closely misses you.
Aiming: Freeze (safe; 1% risk of failure)
Press: ? - help, Q - select action Shift-Dir - straight line, f/p - hobgoblin
Aim: a hobgoblin (severely wounded)
You freeze the hobgoblin.
You kill the hobgoblin!
You die...

.# ##.# $..#
#..# ##..#
... #†# ##@#
####..####
####........#
............+
####.#.$.##.#
#.##..##.#
#.....##.#
#..#####.#
#..# #.# #+#


There were no monsters in sight!

Vanquished Creatures
  A gnoll (D:2)
  An adder (D:3)
  2 dart slugs (D:2)
  2 worms (D:2)
  3 ball pythons (D:2)
  3 endoplasms (D:2)
  A giant cockroach (D:2)
  3 goblins (D:2)
  A hobgoblin (D:3)
  2 jackals (D:2)
  5 kobolds (D:2)
  3 quokkas (D:2)
  A bat (D:2)
  2 frilled lizards (D:2)
  A rat (D:2)
31 creatures vanquished.

Notes
Turn   | Place    | Note
-------+----------+-------------------------------------------
     0 | D:1      | 101zpm the Deep Elf Ice Elementalist began the quest for
                  | the Orb.
     0 | D:1      | Reached XP level 1. HP: 10/10 MP: 6/6
   276 | D:2      | Reached XP level 2. HP: 15/15 MP: 5/8
   429 | D:2      | Reached skill level 5 in Ice Magic
   598 | D:2      | Reached XP level 3. HP: 1/19 MP: 0/10
  1064 | D:2      | Found a faded altar of an unknown god.
  1688 | D:3      | Succumbed to an adder's poison

Illustrated notes

Levels and vault maps discovered:
D:1:      amcnicky_arrival_underground_garden, layout_loops_ring
D:2:      layout_loops_ring, hellmonk_ecumenical_altar_pennies_from_heaven,
          chequers_serial_rivers_room_a, minmay_divided_ellipse
D:3:      minmay_octagon_keep, layout_loops_corners, uniq_natasha

Skill      XL: |  1  2  3 |
---------------+----------+-----
Ice Magic      | 5 |  5.2
Spellcasting   | 4 |  4.3
Fighting       | |  0.1
Dodging        | |  2.6
Stealth        | |  2.4

Action                   || total
-------------------------++-------
Melee: Unarmed           ||     4
       Hand axe          ||     5
 Cast: Freeze            ||    50
Armor: Robe              ||     4
Dodge: Dodged            ||    31
